 Dungeon Crawl Stone Soup version 0.27-a0-1281-ge233d83751 (webtiles) character file.

Game seed: 1514329576920085517

2699 Delamore the Cleaver (level 9, -2/68 HPs)
             Began as a Formicid Fighter on June 14, 2021.
             Was an Initiate of Gozag.
             Succumbed to a killer bee's poison
             ... on level 8 of the Dungeon.
             The game lasted 00:08:19 (10009 turns).

Delamore the Cleaver (Formicid Fighter)            Turns: 10009, Time: 00:08:20

Health: -2/68      AC: 13    Str: 25    XL:     9   Next: 97%
Magic:  9/9        EV:  5    Int:  7    God:    Gozag
Gold:   896        SH: 11    Dex: 10    Spells: 8/8 levels left

rFire    . . .     SeeInvis +   a - +0 war axe
rCold    . . .     Faith    .   c - +1 kite shield
rNeg     . . .     Spirit   .   r - +0 plate armour
rPois    .         Reflect  .   (helmet unavailable)
rElec    .         Harm     .   (no cloak)
rCorr    .         Rampage  .   (no gloves)
Will     .....                  l - +0 pair of boots
Stlth    ..........             (no amulet)
HPRegen  0.21/turn              (no ring)
MPRegen  0.11/turn              (no ring)

@: mighty, lethally poisoned (-2 -> -19), gold aura, studying Armour
A: permanent stasis, dig shafts and tunnels, antennae 3, four strong arms
a: Dig, Shaft Self, Renounce Religion, Potion Petition, Call Merchant, Bribe
Branch


You were on level 8 of the Dungeon.
You worshipped Gozag.
Gozag was pleased with you.
You visited 2 branches of the dungeon, and saw 9 of its levels.
You also visited: Sewer.

You collected 937 gold pieces.
You paid 41 gold pieces to Gozag.

Inventory:

Hand Weapons
 a - a +0 war axe (weapon)
 k - a +1 whip of flaming
 p - a +0 battleaxe
Missiles
 n - 3 silver javelins
 o - 7 atropa-tipped darts
 v - 5 boomerangs
 x - 19 poisoned darts
 B - a throwing net
Armour
 b - a +0 scale mail
 c - a +1 kite shield (worn)
 l - a +0 pair of boots (worn)
 r - a +0 plate armour (worn)
Jewellery
 e - a ring of see invisible
Wands
 s - a wand of mindburst (10)
 t - a wand of digging (4)
 A - a wand of iceblast (8)
Scrolls
 q - a scroll of enchant armour
 u - 2 scrolls of magic mapping
 y - a scroll of amnesia
 z - 2 scrolls of identify
Potions
 f - 3 potions of flight
 g - a potion of lignification
 h - 3 potions of brilliance
 j - a potion of attraction
 m - a potion of mutation


   Skills:
 - Level 5.0 Fighting
 * Level 11.9 Axes
 + Level 4.9 Armour
 + Level 4.6 Shields


You had 8 spell levels left.
You didn't know any spells.
Your spell library contained the following spells:

 Spells                   Type           Power      Damage    Failure   Level
 Freeze                   Ice            0%         1d3       100%        1
 Frozen Ramparts          Ice            0%         1d2       100%        3
 Ozocubu's Armour         Ice            0%         N/A       100%        3
 Hailstorm                Conj/Ice       0%         3d3       100%        4
 Metabolic Englaciation   Hex/Ice        0%         N/A       100%        5


Dungeon Overview and Level Annotations

Branches:
Dungeon (8/15)             Temple (1/1) D:4           Sewer (visited)
   Lair: D:8-11

Altars:
Ashenzari
Cheibriados
Dithmenos
Elyvilon
Fedhas
Gozag
Hepliaklqana
Kikubaaqudgha
Makhleb
Nemelex Xobeh
Okawaru
Sif Muna
Trog
Uskayaw
Vehumet
Yredelemnul
Zin
The Shining One

Shops:
D:7 =

Annotations:
D:6 1 runed translucent door, morra's ghost, novice OpTm
D:7 3 runed translucent doors, Nacht's ghost, novice TeAE


Innate Abilities, Weirdness & Mutations

You cannot be hasted, slowed, berserked, paralysed or teleported.
You can dig through walls and to a lower floor.
You have a pair of large antennae on your head. (SInv)
Your four strong arms can wield two-handed weapons with a shield.


Message History

You block the killer bee's attack.
The killer bee stings you but does no damage.
You feel very mighty all of a sudden.
The killer bee buzzes angrily.
You block the killer bee's attack.
The killer bee stings you but does no damage.
You slash the killer bee!
You kill the killer bee!
The killer bee closely misses you.
You closely miss the killer bee. The killer bee closely misses you.
The killer bee stings you but does no damage.
You closely miss the killer bee. The killer bee stings you.
* * * LOW HITPOINT WARNING * * *
You are poisoned.
The killer bee poisons you!
The killer bee stings you but does no damage.
You closely miss the killer bee.
You feel sick. The killer bee stings you.
* * * LOW HITPOINT WARNING * * *
The killer bee is distracted by your dazzling golden aura.
The killer bee stings you but does no damage.
You hit the killer bee but do no damage.
You feel sick. You block the killer bee's attack.
The killer bee stings you but does no damage.
The killer bee stings you.
* * * LOW HITPOINT WARNING * * *
You are lethally poisoned!
The killer bee poisons you!
You miss the killer bee.
* * * LOW HITPOINT WARNING * * *
You feel very sick.
The killer bee is no longer distracted by gold.
The killer bee barely misses you. The killer bee stings you.
* * * LOW HITPOINT WARNING * * *
You are more poisoned.
The killer bee poisons you!
Okay, then.
Okay, then.
You barely miss the killer bee.
You die...
Your body crumbles into a pile of gold.

#..# #..# #.. ##.. #).#
#..# #..#####
#######..yyy@#
.[......######
........## ######...##
###..# ##y.#..........#
#########.##......[....#
y.y.y...y###...........#
########## ...../......#


You could see 3 killer bees.

Vanquished Creatures
  An unseen horror (D:7)
  A steam dragon (D:8)
  Menkaure (D:6)
  A water moccasin (Sewer)
  3 black bears
  A necrophage (D:5)
  2 ice beasts
  2 centaurs
  2 ogres (D:5)
  Blork the orc (D:6)
  4 killer bees
  3 wights
  A howler monkey (D:4)
  5 jellies
  2 centaur skeletons
  3 hounds
  3 bullfrog skeletons
  An iguana (D:4)
  2 orc wizards (D:7)
  A killer bee zombie (D:8)
  A hound skeleton (D:5)
  Robin (D:2)
  8 adders
  6 gnolls
  3 howler monkey skeletons
  A white imp (D:6)
  2 ufetubi
  An adder zombie (D:5)
  A worm (D:3)
  3 dart slugs
  12 orcs
  9 ball pythons
  11 endoplasms
  4 giant cockroaches
  7 hobgoblins
  16 jackals
  5 kobolds
  7 quokkas
  11 bats
  3 frilled lizards
  12 goblins
  7 rats
171 creatures vanquished.

Notes
Turn   | Place    | Note
-------+----------+-------------------------------------------
     0 | D:1      | Delamore the Formicid Fighter began the quest for the Orb.
     0 | D:1      | Reached XP level 1. HP: 18/18 MP: 1/1
   213 | D:1      | Reached XP level 2. HP: 21/24 MP: 2/2
   574 | D:1      | Reached XP level 3. HP: 30/30 MP: 3/3
   632 | D:1      | Reached skill level 3 in Axes
  1032 | D:2      | Found a white marble altar of Elyvilon.
  1192 | D:2      | Found a faded altar of an unknown god.
  1216 | D:2      | Became a worshipper of Vehumet
  1216 | D:2      | Reached * piety under Vehumet
  1216 | D:2      | Offered knowledge of Sandblast by Vehumet.
  1337 | D:2      | Reached XP level 4. HP: 27/37 MP: 4/4
  2228 | D:3      | Offered knowledge of Freeze by Vehumet.
  2229 | D:3      | Reached skill level 4 in Axes
  2230 | D:3      | Reached XP level 5. HP: 32/42 MP: 5/5
  2231 | D:3      | Reached ** piety under Vehumet
  2239 | D:3      | Noticed Robin
  2523 | D:2      | Killed Robin
  3282 | D:4      | Reached XP level 6. HP: 31/49 MP: 6/6
  3442 | D:4      | Found a staircase to the Ecumenical Temple.
  3451 | Temple   | Entered the Ecumenical Temple
  3458 | Temple   | Fell from the grace of Vehumet
  3458 | Temple   | Became a worshipper of Gozag Ym Sagoz the Greedy
  3638 | D:4      | Reached skill level 5 in Axes
  3910 | D:4      | Reached skill level 5 in Fighting
  4256 | D:4      | Noticed a black bear
  4288 | D:4      | Reached skill level 6 in Axes
  4288 | D:4      | Reached XP level 7. HP: 40/56 MP: 7/7
  4681 | D:5      | Entered Level 5 of the Dungeon
  4700 | D:5      | Reached skill level 7 in Axes
  4835 | D:5      | Reached XP level 8. HP: 10/62 MP: 8/8
  5152 | D:5      | Reached skill level 8 in Axes
  6231 | D:6      | Reached skill level 9 in Axes
  6231 | D:6      | Noticed Blork the orc
  6303 | D:6      | Found a glowing drain.
  6326 | Sewer    | Entered a sewer
  6722 | D:6      | Found a runed translucent door.
  6723 | D:6      | Noticed morra's ghost (novice OpTm)
  6745 | D:6      | Noticed Menkaure
  6756 | D:6      | Killed Menkaure
  7216 | D:6      | Killed Blork the orc
  7217 | D:6      | Reached skill level 10 in Axes
  7217 | D:6      | Reached XP level 9. HP: 19/68 MP: 9/9
  8187 | D:7      | Noticed an unseen horror
  8205 | D:7      | Killed an unseen horror
  8206 | D:7      | Reached skill level 11 in Axes
  8623 | D:7      | Was forgiven by Vehumet
  8846 | D:7      | Identified a scroll of acquirement
  8846 | D:7      | Acquired a manual of Armour
  8871 | D:7      | Found Kuhixzid's Jewellery Shoppe.
  8943 | D:7      | Found a runed translucent gate.
  8944 | D:7      | Found a runed translucent gate.
  8945 | D:7      | Found a runed translucent gate.
  9092 | D:7      | Noticed Nacht's ghost (novice TeAE)
  9897 | D:8      | Noticed a cyclops
 10008 | D:8      | HP: 3/68 [poisoned by a killer bee]
 10009 | D:8      | Succumbed to a killer bee's poison

Illustrated notes

Levels and vault maps discovered:
D:1:      giann_bridges, layout_loops_corners, glass_columns_a, st_stairs_9
D:2:      layout_loops_corners, basic_altar,
          shapermc_ecumenical_altar_totnotflames, minmay_misc_feat_chi,
          st_stairs_9, minmay_misc_feat_pillars
D:3:      layout_loops_ring, uniq_robin
D:4:      minmay_chambers_of_threes, layout_loops_ring,
          minmay_temple_entry_mini_moons, hangedman_abyss_or_decor_stagger
D:5:      layout_basic, minmay_misc_feat_roman
D:6:      layout_gridville, portal_sewer_entry_f, ebering_ghost_reflecting_pool,
          uniq_blork_the_orc, uniq_menkaure
D:7:      layout_cave_pools, ebering_ghost_rock_garden, serial_shops, shop
D:8:      layout_cave_pods, serial_shops, shop_statue
Temple:   dpeg_three_leaves_temple

Skill      XL: |  1  2  3  4  5  6  7  8  9 |
---------------+----------------------------+-----
Axes           | 3 4 6 7 10 11 | 11.9
Fighting       | 4 5 |  5.0
Shields        | 4 |  4.6
Armour         | 4 |  4.9

Action                   |  1- 3 |  4- 6 |  7- 9 || total
-------------------------+-------+-------+-------++-------
Melee: War axe           |    89 |   203 |   275 ||   567
 Abil: Dig               |       |       |    12 ||    12
Evoke: Wand              |       |       |     8 ||     8
  Use: Scroll            |     2 |     9 |     6 ||    17
       Potion            |       |       |     6 ||     6
 Stab: Distracted        |       |     2 |     2 ||     4
       Paralysed         |       |       |    11 ||    11
Armor: Scale mail        |    54 |    75 |    19 ||   148
       Plate armour      |       |       |   154 ||   154
Dodge: Dodged            |    39 |    72 |    68 ||   179
Block: Kite shield       |    62 |   149 |   203 ||   414

Table legend: (Time is in decaauts)
 A = Elapsed time spent in this place.
 B = Non-inter-level travel time spent in this place.
 C = Inter-level travel time spent in this place.
 D = Time resting spent in this place.
 E = Time spent auto-exploring this place.
 F = Levels seen in this place.
 G = Mean time per level.
                   A        B        C        D        E       F      G
               +--------+--------+--------+--------+--------+-----+--------+
         Total |  10226 |  10030 |    196 |   1373 |   7081 |  10 | 1022.6 |
       Dungeon |   9831 |   9635 |    196 |   1169 |   6976 |   8 | 1228.9 |
        Temple |     36 |     36 |      0 |      0 |     26 |   1 |   36.0 |
         Sewer |    357 |    357 |      0 |    204 |     79 |   1 |  357.0 |
               +--------+--------+--------+--------+--------+-----+--------+

Top non-repeatable levels by time:
     D:6: 1760 daAuts
     D:4: 1627 daAuts
     D:5: 1400 daAuts
     D:2: 1398 daAuts
     D:7: 1294 daAuts
     D:1: 1059 daAuts
     D:3: 897 daAuts
     D:8: 393 daAuts
   Sewer: 357 daAuts
  Temple: 36 daAuts
